 Dungeon Crawl Stone Soup version 0.29-a0-1009-g60c99734e7 (webtiles) character file.

Game seed: 2306235614642883570

7 drpainis the Sneak (level 1, 0/9 HPs)
             Began as a Spriggan Enchanter on Aug 8, 2022.
             Frozen to death by an endoplasm (5 damage)
             ... on level 1 of the Dungeon.
             The game lasted 00:00:54 (1081 turns).

drpainis the Sneak (Spriggan Enchanter)             Turns: 1081, Time: 00:00:54

Health: 0/9        AC:  3    Str:  4    XL:     1   Next: 83%
Magic:  14/14      EV: 17    Int: 16    God:
Gold:   63         SH:  0    Dex: 15    Spells: 6/6 levels left

rFire   . . .      SeeInvis +   a - +1 dagger
rCold   . . .      Faith    .   (no shield)
rNeg    . . .      Spirit   .   b - +0 robe
rPois   .          Reflect  .   (helmet restricted)
rElec   .          Harm     .   g - +0 cloak
rCorr   .          Rampage  .   (gloves unavailable)
Will    +....                   (boots unavailable)
Stlth   +++.......              (no amulet)
HPRegen 0.03/turn               e - ring of magical power
MPRegen 0.14/turn               h - ring of willpower

@: very quick
A: very small, no large weapons, unfitting armour, see invisible, speed 3
a: no special abilities


You were on level 1 of the Dungeon.
You visited 1 branch of the dungeon, and saw 1 of its levels.

You collected 63 gold pieces.

Inventory:

Hand Weapons
 a - a +1 dagger (weapon)
Armour
 b - a +0 robe (worn)
 g - a +0 cloak (worn)
Jewellery
 e - a ring of magical power (left hand)
 h - a ring of willpower (right hand)
Scrolls
 i - a scroll of poison {unknown}
Potions
 c - 2 potions of invisibility
 d - 2 potions of mutation {unknown}
 f - a potion of cancellation {unknown}
 j - a potion of curing {unknown}


   Skills:
 + Level 1.1 Short Blades
 + Level 2.7 Dodging
 + Level 4.5 Stealth
 + Level 3.0 Spellcasting
 + Level 3.8 Hexes


You had 6 spell levels left.
You didn't know any spells.
Your spell library contained the following spells:

 Spells                   Type           Power      Damage    Failure   Level
 Confusing Touch          Hex            14%        N/A       12%         3
 Tukima's Dance           Hex            14%        N/A       12%         3
 Ensorcelled Hibernation  Hex/Ice        16%        N/A       13%         2
 Magic Dart               Conj           8%         1d3       19%         1
 Dazzling Flash           Conj/Hex       16%        N/A       26%         3
 Call Imp                 Summ           2%         N/A       28%         2
 Mephitic Cloud           Conj/Pois/Air  2%         N/A       50%         3


Dungeon Overview and Level Annotations

Branches:
Dungeon (1/15)

Altars:


Innate Abilities, Weirdness & Mutations

You are very small and have problems with some larger weapons.
You are too small for most types of armour.
You have supernaturally acute eyesight. (SInv)
You cover ground extremely quickly. (Speed+++)


Message History

HP restored.
You start waiting.
Done waiting.
You start waiting.
Done waiting.
h - a ring of willpower (right hand)
Okay, then.
Okay, then.
Found a stone staircase leading down.
You see here 7 stones.
A bat comes into view.
The bat moves out of view.
An endoplasm comes into view.
There are monsters nearby!
There are monsters nearby!
There are monsters nearby!
There are monsters nearby!
The bat completely misses you.
You closely miss the bat. The bat misses you.
The bat hits you but does no damage.
You hit the bat but do no damage.
The endoplasm quivers.
The bat misses you. The bat hits you but does no damage.
You miss the bat. The bat barely misses you.
The bat hits you but does no damage.
You barely miss the bat. The bat misses you. The bat closely misses you.
You hit the bat but do no damage. The bat completely misses you. x2
You hit the bat.
You kill the bat!
You see here a bat corpse.
You hit the endoplasm.
The endoplasm is moderately wounded.
The endoplasm freezes you.
You are frozen.
You hit the endoplasm. Your punch misses the endoplasm.
The endoplasm is almost dead.
The endoplasm freezes you.
You are frozen.
Ouch! That really hurt!
You die...

#....# #...## .. .#
#...# #. #.# #...# #.
#.# ##...###.######.
#.## .......... .....
... .######### #... #.#
.############..J##.#
................@..##
.############..#.#..#
.########## #..#..#.#
...............##.#.##
.........####..##....#
.........# #..###.#.#
...[.....# #..# #.#.##
.........# #..# #....#
.........####..####.#.##


You could see an endoplasm.

Vanquished Creatures
  An endoplasm (D:1)
  A goblin (D:1)
  A kobold (D:1)
  A quokka (D:1)
  A bat (D:1)
  A rat (D:1)
6 creatures vanquished.

Notes
Turn   | Place    | Note
-------+----------+-------------------------------------------
     0 | D:1      | drpainis the Spriggan Enchanter began the quest for the
                  | Orb.
     0 | D:1      | Reached XP level 1. HP: 9/9 MP: 5/5
  1081 | D:1      | Frozen to death by an endoplasm

Illustrated notes

Levels and vault maps discovered:
D:1:      ebering_trefoil_twist, layout_basic, ebering_ecumenical_altar_webs,
          feat_on_display

Skill      XL: |  1 |
---------------+----+-----
Spellcasting   | 3 |  3.0
Short Blades   | |  1.1
Dodging        | |  2.7
Stealth        | |  4.5
Hexes          | |  3.8

Action                   || total
-------------------------++-------
Melee: Dagger            ||    31
       Punch             ||     2
 Stab: Sleeping          ||     1
Armor: Robe              ||     8
Dodge: Dodged            ||    24

Table legend: (Time is in decaauts)
 A = Elapsed time spent in this place.
 B = Non-inter-level travel time spent in this place.
 C = Inter-level travel time spent in this place.
 D = Time resting spent in this place.
 E = Time spent auto-exploring this place.
 F = Levels seen in this place.
 G = Mean time per level.
                   A        B        C        D        E       F      G
               +--------+--------+--------+--------+--------+-----+--------+
         Total |    946 |    946 |      0 |    641 |    218 |   1 |  946.0 |
       Dungeon |    946 |    946 |      0 |    641 |    218 |   1 |  946.0 |
               +--------+--------+--------+--------+--------+-----+--------+

Top non-repeatable levels by time:
     D:1: 946 daAuts
